 Dungeon Crawl Stone Soup version 0.25-a0-668-gea548f1 (webtiles) character file.

Game seed: 4989151440709704167, levelgen mode: deterministic

1089 Faca the Slinger (level 8, -19/58 HPs)
             Began as a Halfling Hunter on Mar 28, 2020.
             Demolished by a two-headed ogre
             ... wielding a cursed +0 giant club
              (27 damage)
             ... on level 5 of the Dungeon.
             The game lasted 00:13:31 (6947 turns).

Faca the Slinger (Halfling Hunter)                  Turns: 6947, Time: 00:13:32

Health: -19/58     AC: 13    Str: 15    XL:     8   Next: 56%
Magic:  8/8        EV:  9    Int:  9    God:
Gold:   247        SH:  0    Dex: 15    Spells: 7/7 levels left

rFire    . . .     SeeInvis .   a - +1 hunting sling
rCold    . . .     Gourm    .   (shield restricted)
rNeg     . . .     Faith    .   c - +0 chain mail {rPois}
rPois    +         Spirit   .   s - +2 helmet
rElec    .         Reflect  .   (no cloak)
rCorr    .         Harm     .   g - +0 pair of gloves (curse)
MR       .....                  p - +0 pair of boots
Stlth    ..........             (no amulet)
HPRegen  0.19/turn              o - ring of flight
MPRegen  0.11/turn              (no ring)

@: about to teleport
A: small, mutation resistance 1
a: Evoke Flight


You were on level 5 of the Dungeon.
You were near starving.

You visited 1 branch of the dungeon, and saw 5 of its levels.

You collected 247 gold pieces.

Inventory:

Hand Weapons
 a - a +1 hunting sling (weapon)
 e - a +0 short sword of speed
Missiles
 d - 33 sling bullets (quivered)
 h - 185 stones
Armour
 c - a +0 chain mail of poison resistance (worn)
 g - a cursed +0 pair of gloves (worn)
 p - a +0 pair of boots (worn)
 s - a +2 helmet (worn)
Jewellery
 o - a ring of flight (left hand)
Wands
 q - a wand of flame (10)
Scrolls
 j - 3 scrolls of remove curse
 u - a scroll of enchant weapon {unknown}
Potions
 b - a potion of lignification {unknown}
 i - a potion of flight
 k - a potion of haste
 l - 3 potions of berserk rage
 m - 2 potions of resistance
 n - a potion of mutation
 t - a potion of heal wounds
Comestibles
 f - 17 rations


   Skills:
 + Level 6.3 Fighting
 + Level 11.0 Slings
 - Level 2.1 Dodging
 - Level 1.1 Stealth


You had 7 spell levels left.
You didn't know any spells.
Your spell library contained the following spells:

 Spells                   Type           Power        Failure   Level  Hunger
 Confusing Touch          Hex            #.......     100%        3    ####...
 Gell's Gravitas          Tloc           #.........   100%        3    ####...
 Petrify                  Tmut/Erth      #.......     100%        4    #####..
 Metabolic Englaciation   Hex/Ice        #.........   100%        5    ######.
 Yara's Violent Unravell  Hex/Tmut       #.........   100%        5    ######.


Dungeon Overview and Level Annotations

Branches:
Dungeon (5/15)
 Temple: D:4-7

Altars:
Cheibriados
Elyvilon
Makhleb
Nemelex Xobeh
Ru
Xom


Innate Abilities, Weirdness & Mutations

You are small and have problems with some larger weapons.
You are somewhat resistant to further mutation.


Message History

The two-headed ogre hits you with a +0 giant club!
Firing (i - inventory. (/) - cycle)
d - 35 sling bullets (quivered)
Press: ? - help, Shift-Dir - straight line, f - two-headed ogre
Aim: a two-headed ogre, wielding two +0 giant clubs You shoot a sling bullet.
The sling bullet hits the two-headed ogre!
The two-headed ogre is lightly wounded.
Firing (i - inventory. (/) - cycle)
d - 34 sling bullets (quivered)
Press: ? - help, Shift-Dir - straight line, f/p - two-headed ogre
Aim: a two-headed ogre, wielding two +0 giant clubs (lightly wounded)
You shoot a sling bullet.
The sling bullet barely misses the two-headed ogre.
The two-headed ogre hits you with a cursed +0 giant club!!
* * * LOW HITPOINT WARNING * * *
The two-headed ogre hits you with a +0 giant club.
* * * LOW HITPOINT WARNING * * *
As you read the scroll of teleportation, it crumbles to dust.
You feel strangely unstable.
The two-headed ogre hits you with a cursed +0 giant club!!
You die...

## ####### #. #....(#
#. #.# #. #(# #. #.#
#. ##O## ###.
##.#@#############...
#.###..............#.
##.#.###############.
##.### #? ###.## #.
##.#.######## #.
#.###.......# ##
##.#.######.#
########## ##.####


You could see a two-headed ogre.

Vanquished Creatures
  Menkaure (D:4)
  2 ogres
  A phantom (D:4)
  Blork the orc (D:4)
  A water moccasin skeleton (D:5)
  A howler monkey (D:4)
  2 crimson imps (D:5)
  An orc priest (D:3)
  2 orc wizards (D:5)
  A bullfrog skeleton (D:5)
  Ijyb (D:4)
  An iguana (D:4)
  2 worker ants (D:5)
  Natasha (thrice) (D:2)
  2 howler monkey zombies (D:5)
  Robin (D:4)
  4 adders
  2 shadow imps (D:5)
  An ooze (D:3)
  A worm (D:3)
  4 dart slugs
  3 leopard geckos
  11 orcs
  A ball python (D:3)
  6 bats
  5 giant cockroaches
  14 goblins
  14 hobgoblins
  8 jackals
  4 frilled lizards
  7 kobolds
  9 rats
117 creatures vanquished.

Vanquished Creatures (others)
  2 plants (D:5)
2 creatures vanquished.

Grand Total: 119 creatures vanquished

Notes
Turn   | Place    | Note
-------+----------+-------------------------------------------
     0 | D:1      | Faca the Halfling Hunter began the quest for the Orb.
     0 | D:1      | Reached XP level 1. HP: 14/14 MP: 1/1
    44 | D:1      | Reached skill level 6 in Slings
   119 | D:1      | Reached XP level 2. HP: 14/19 MP: 2/2
   426 | D:1      | You fall into a shaft and drop 1 floor!
   619 | D:2      | Found a snail-covered altar of Cheibriados.
   636 | D:2      | Reached XP level 3. HP: 25/25 MP: 3/3
  1160 | D:1      | Reached XP level 4. HP: 27/30 MP: 4/4
  1715 | D:2      | Reached skill level 7 in Slings
  1869 | D:2      | Noticed Natasha
  1882 | D:2      | Killed Natasha
  1882 | D:2      | Reached XP level 5. HP: 19/36 MP: 5/5
  2116 | D:2      | Noticed Natasha
  2132 | D:2      | Killed Natasha
  2142 | D:2      | Noticed Natasha
  2153 | D:2      | Killed Natasha
  2304 | D:2      | Found a burning altar of Makhleb.
  2633 | D:3      | Found a shimmering altar of Xom.
  2767 | D:3      | Found a sparkling altar of Nemelex Xobeh.
  2989 | D:3      | Reached skill level 8 in Slings
  3034 | D:3      | Reached XP level 6. HP: 26/43 MP: 6/6
  3666 | D:4      | Noticed an ogre
  3680 | D:4      | Killed an ogre
  3992 | D:4      | Noticed Menkaure
  4175 | D:4      | Noticed a phantom
  4264 | D:4      | Killed a phantom
  4264 | D:4      | Reached skill level 9 in Slings
  4264 | D:4      | Reached XP level 7. HP: 29/49 MP: 7/7
  4426 | D:4      | Noticed Ijyb
  4454 | D:4      | Killed Ijyb
  4653 | D:4      | Noticed Blork the orc
  4675 | D:4      | Reached skill level 5 in Fighting
  4680 | D:4      | Killed Blork the orc
  4816 | D:4      | Noticed Robin
  4887 | D:4      | Killed Robin
  5089 | D:4      | Killed Menkaure
  5089 | D:4      | Reached skill level 10 in Slings
  5317 | D:5      | Entered Level 5 of the Dungeon
  5340 | D:5      | Reached XP level 8. HP: 50/56 MP: 8/8
  5993 | D:5      | Found a sacrificial altar of Ru.
  6425 | D:5      | Reached skill level 11 in Slings
  6863 | D:5      | Found a white marble altar of Elyvilon.
  6938 | D:5      | Noticed a two-headed ogre
  6947 | D:5      | Demolished by a two-headed ogre

Levels and vault maps discovered:
D:1:      sevenhm_arrival_forest_fort_small_6, layout_loops_corners,
          item_on_display_a
D:2:      layout_loops_ring, lemuel_round_altar, cheibriados_altar_1,
          uniq_natasha
D:3:      minmay_angry_zag, layout_loops_corners,
          nemelex_xobeh_ov_fountains_minmay, tgw_xom
D:4:      layout_cave_pods, first_ration, uniq_ijyb, uniq_robin,
          uniq_blork_the_orc, uniq_menkaure
D:5:      layout_loops_ring, marbit_many_paths, nicolae_overflow_hidden_temple,
          minmay_temple_entry_gardened_gates, chequers_jeans

Skill      XL: |  1  2  3  4  5  6  7  8 |
---------------+-------------------------+-----
Fighting       | 2 3 4 5 6 |  6.3
Slings         | 6 7 8 9 10 11 | 11.0
Dodging        | |  2.1
Stealth        | |  1.1

Action                   |  1- 3 |  4- 6 |  7- 9 || total
-------------------------+-------+-------+-------++-------
Melee: Short sword       |   113 |   305 |   426 ||   844
 Fire: Hunting sling     |       |    12 |    26 ||    38
  Use: Scroll            |       |     8 |     3 ||    11
  Eat: Chunk             |     1 |     9 |     8 ||    18
Armor: Leather armour    |     3 |       |       ||     3
       Ring mail         |    20 |    44 |       ||    64
       Chain mail        |       |    38 |   177 ||   215
Dodge: Dodged            |    55 |   135 |   157 ||   347

Table legend:
 A = Non-vault XP
 B = Vault XP
 C = Vault XP percentage of total XP
 D = Non-vault monster count
 E = Vault monster count
 F = Vault count percentage of total count
                 A         B        C        D         E       F
            +---------+---------+-------+---------+---------+-------
      Total |    1171 |     386 |  24.8 |      97 |      20 |  17.1
            +---------+---------+-------+---------+---------+-------
        D:1 |      41 |       0 |   0.0 |      24 |       0 |   0.0
        D:2 |     148 |      35 |  19.1 |      25 |       1 |   3.8
        D:3 |      90 |      15 |  14.3 |      21 |       6 |  22.2
        D:4 |     339 |     333 |  49.6 |       9 |      12 |  57.1
        D:5 |     553 |       3 |   0.5 |      18 |       1 |   5.3
            +---------+---------+-------+---------+---------+-------
